 Dungeon Crawl Stone Soup version 0.31.0-12-g77e489cdc1 (webtiles) character file.

Game seed: 1004101097467751476

91 Killerpretzel the Changeling (level 4, -5/29 HPs)
             Began as an Octopode Shapeshifter on Feb 13, 2024.
             Slain by a gnoll
             ... wielding a +0 flail
              (9 damage)
             ... on level 4 of the Dungeon.
             The game lasted 00:01:42 (1137 turns).

Killerpretzel the Changeling (OpSh)                 Turns: 1137, Time: 00:01:42

Health: -5/29      AC:  1    Str: 13    XL:     4   Next: 59%
Magic:  4/4        EV: 13    Int: 18    God:
Gold:   26         SH:  0    Dex: 13    Spells: 3/3 levels left

rFire   . .          .
                       - Unarmed
rCold   . . .        (no shield)
rNeg    . . .        (helmet currently unavailable)
rPois   .            (no amulet)
rElec   .            g - +6 ring of intelligence
rCorr   .            (no ring)
SInv    .            (no ring)
Will    .....        (no ring)
Stlth   ++           (no ring)
HPRegen 0.24/turn    (no ring)
MPRegen 0.09/turn    (no ring)
                     (no ring)

%: no passive effects
@: beast-form
A: beast (slay +2), almost no armour, amphibious, 8 rings, camouflage 1,
gelatinous body 1, (nimble swimmer 1), tentacles
a: Begin Untransformation


You were on level 4 of the Dungeon.
You were a hulking beast.
You visited 1 branch of the dungeon, and saw 3 of its levels.

You collected 26 gold pieces.

Inventory:

Jewellery
 d - a ring of poison resistance
 g - a +6 ring of intelligence (left tentacle)
Talismans
 b - a beast talisman
 c - a flux talisman
Scrolls
 k - a scroll of identify {unknown}
Potions
 a - a potion of lignification
 f - a potion of curing {unknown}
 h - 2 potions of might {unknown}
 i - a potion of enlightenment {unknown}
 j - a potion of mutation {unknown}


   Skills:
 + Level 2.0 Fighting
 + Level 2.7 Dodging
 + Level 3.5 Unarmed Combat
 * Level 3.8 Shapeshifting


You had 3 spell levels left.
You didn't know any spells.
Your spell library contained the following spells:

 Spells                   Type           Power      Damage    Failure   Level
 Sting                    Conj/Alch      0%         1d3       22%         1
 Mercury Vapours          Alch/Air       0%         N/A       32%         2
 Olgreb's Toxic Radiance  Alch           0%         N/A       91%         4


Dungeon Overview and Level Annotations

Branches:
Dungeon (2/15)

Altars:


Innate Abilities, Weirdness & Mutations

You are a hulking beast.
Your limbs bulge with bestial killing power. (Slay +2)
You cannot wear most types of armour.
You are amphibious.
You can wear up to eight rings at the same time.
Your skin changes colour to match your surroundings (Stealth+).
Your rubbery body absorbs attacks. (AC +1, EV +1)
((You are camouflaged when in or above water. (Stealth+)))
You have tentacles for arms and can constrict up to eight enemies at once.


Message History

No target in view!
No target in view!
HP restored.
Things that are here:
a +0 short sword; 3 stones; a kobold corpse A gnoll comes into view.
It is wielding a +0 flail.
A gnoll comes into view. It is wielding a +0 club.
The gnoll shouts! x2
A gnoll comes into view. It is wielding a +0 halberd.
A gnoll comes into view. It is wielding a +0 flail.
The gnoll hits you with a +0 flail!
The gnoll shouts!
You tentacle-slap the gnoll. You grab the gnoll. You squeeze the gnoll.
The gnoll is moderately wounded.
You constrict the gnoll.
You lose your grip on the gnoll.
You tentacle-slap the gnoll. Your grab misses the gnoll. You squeeze the gnoll.
The gnoll is heavily wounded.
The gnoll hits you from afar with a +0 halberd!
You are too injured to fight recklessly!
You are too injured to fight recklessly!
You are too injured to fight recklessly!
You are too injured to fight recklessly!
You are too injured to fight recklessly!
There are monsters nearby!
The gnoll attacks as it pursues you!
The gnoll hits you from afar with a +0 halberd.
The air fills with toxic fumes!
As you read the scroll labelled IFUTUAJONY, it crumbles to dust.
It was a scroll of poison.
The gnoll misses you.
You tentacle-slap the gnoll. Your grab misses the gnoll.
The gnoll is severely wounded.
The gnoll hits you with a +0 club.
* * * LOW HITPOINT WARNING * * *
You tentacle-slap the gnoll.
You kill the gnoll!
Your Fighting skill increases to level 2!
You tentacle-slap the gnoll. Your grab misses the gnoll.
The gnoll is severely wounded.
The gnoll hits you with a +0 flail!
You die...

#### ###
#..####§########
#...#§§§§§......
###...§§§§§§#####
####.....§§§§§§§#
.....#...§§§§§§§#
#........§§§§§§§#
##.......§§§§§§§##
#.....#####§§§§h##
##...## ####§§g###
#..## #§§§g§# #
#..# #§§#.§g# #
...# #§§§###§§§#
.#..## #§§##
#§§§.# ... #§§##
##§.. ... #§§ ..
... ..# #


You could see 3 gnolls.

Vanquished Creatures
  A scorpion (D:4)
  A gnoll (D:4)
  An adder (D:2)
  A dart slug (D:1)
  2 endoplasms
  A giant cockroach (D:1)
  A hobgoblin (D:2)
  A quokka (D:1)
  2 ball pythons
  5 kobolds
  A rat (D:1)
17 creatures vanquished.

Notes
Turn   | Place    | Note
-------+----------+-------------------------------------------
     0 | D:1      | Killerpretzel the Octopode Shapeshifter began the quest for
                  | the Orb.
     0 | D:1      | Reached XP level 1. HP: 13/13 MP: 1/1
   309 | D:1      | Reached XP level 2. HP: 17/18 MP: 2/2
  1024 | D:2      | You fall into a shaft and drop 2 floors!
  1054 | D:4      | Reached XP level 3. HP: 23/23 MP: 3/3
  1054 | D:4      | Noticed a scorpion
  1063 | D:4      | Killed a scorpion
  1064 | D:4      | Reached XP level 4. HP: 29/29 MP: 4/4
  1137 | D:4      | Slain by a gnoll

Illustrated notes

Levels and vault maps discovered:
D:1:      minmay_arrival_floating_metal, layout_basic
D:2:      layout_rooms, nicolae_elevator_lobby_plus
D:4:      layout_layer_cave, dancing_weapons_uskayaw

Skill      XL: |  1  2  3  4 |
---------------+-------------+-----
Fighting       | 2 |  2.0
Dodging        | |  2.7
Unarmed Combat | |  3.5
Shapeshifting  | |  3.8

Action                     |  1- 3 |  4- 6 || total
---------------------------+-------+-------++-------
  Melee: Unarmed           |    32 |    10 ||    42
         Constrict         |     8 |     1 ||     9
         Tentacles         |    10 |     2 ||    12
         Punch             |     1 |       ||     1
    Use: Scroll            |     3 |     1 ||     4
   Stab: Sleeping          |     2 |       ||     2
 Armour: Skin              |    11 |     8 ||    19
  Dodge: Dodged            |    19 |     4 ||    23
